 Dungeon Crawl Stone Soup version 0.31-a0-230-g09eb5fc4d3 (webtiles) character file.

Game seed: 4303829121656939922

60 qw the Shooter (level 4, -2/26 HPs)
             Began as a Gargoyle Hexslinger on July 6, 2023.
             Frozen to death by an endoplasm (5 damage)
             ... on level 2 of the Dungeon.
             The game lasted 00:00:18 (831 turns).

qw the Shooter (Gargoyle Hexslinger)                 Turns: 831, Time: 00:00:19

Health: -2/26      AC:  5    Str: 12    XL:     4   Next: 4%
Magic:  5/5        EV: 12    Int: 13    God:
Gold:   48         SH:  0    Dex: 14    Spells: 4/5 levels left

rFire   . . .        Y - +1 sling
rCold   . . .        (no shield)
rNeg    + . .        c - +0 robe
rPois   inf          (no helmet)
rElec   +            (no cloak)
rCorr   .            (no gloves)
SInv    .            (no boots)
Will    .....        (no amulet)
Stlth   +            (no ring)
HPRegen 0.24/turn    (no ring)
MPRegen 0.09/turn

%: no passive effects
@: about to teleport
A: sickness immunity, AC +3, negative energy resistance 1, electricity
resistance, torment resistance 1, petrification resistance
a: no special abilities


You were on level 2 of the Dungeon.
You visited 1 branch of the dungeon, and saw 2 of its levels.

You collected 48 gold pieces.


Innate Abilities, Weirdness & Mutations

You are immune to sickness and miasma.
Your stone body is resilient. (AC +3)
You are immune to poison.
You resist negative energy. (rN+)
You are resistant to electric shocks. (rElec)
You are resistant to unholy torment.
You are immune to petrification.


   Skills:
 - Level 2.0 Fighting
 + Level 3.9 Ranged Weapons
 - Level 1.5 Dodging
 - Level 1.0 Spellcasting
 - Level 2.6 Hexes


You had 4 spell levels left.
You knew the following spells:

 Your Spells              Type           Power      Damage    Failure   Level
a - Slow                  Hex            28%        N/A       10%         1

Your spell library contained the following spells:

 Spells                   Type           Power      Damage    Failure   Level
 Inner Flame              Hex/Fire       4%         N/A       43%         3
 Portal Projectile        Hex/Tloc       8%         N/A       43%         3
 Cause Fear               Hex            3%         N/A       67%         4

Inventory:

Hand Weapons
 Y - a +1 sling (weapon)
Armour
 a - a +0 ring mail
 c - a +0 robe (worn)
Scrolls
 b - a scroll of teleportation
Potions
 d - a potion of degeneration {unknown}
 e - a potion of lignification {unknown}

Dungeon Overview and Level Annotations

Branches:
Dungeon (2/15)

Altars:


Message History

You shoot a sling bullet. The sling bullet hits the jelly!
The jelly is heavily wounded.
The jelly misses you. The endoplasm freezes you.
You are frozen.
The endoplasm barely misses you.
You shoot a sling bullet. The sling bullet hits the jelly.
The jelly is almost dead.
The jelly barely misses you. The endoplasm closely misses you.
The endoplasm freezes you.
You are frozen.
You shoot a sling bullet.
The sling bullet barely misses the jelly.
The sling bullet hits the endoplasm but does no damage.
The endoplasm is moderately wounded.
The jelly closely misses you.
The endoplasm hits you but does no damage. x2
The jelly barely misses you. The endoplasm freezes you.
You are frozen.
The endoplasm barely misses you.
You shoot a sling bullet. The sling bullet hits the jelly.
The jelly is almost dead.
The jelly misses you. The endoplasm barely misses you.
The endoplasm freezes you.
You are frozen.
You shoot a sling bullet. The sling bullet hits the jelly.
The jelly is almost dead.
The jelly closely misses you. The endoplasm freezes you.
You are frozen.
The endoplasm freezes you.
You are frozen.
831 ||| READING 2 scrolls of teleportation.
As you read the scroll of teleportation, it crumbles to dust.
You feel strangely unstable. The jelly completely misses you.
The endoplasm freezes you.
You are frozen.
The endoplasm freezes you.
You are frozen.
You die...

......). ##########
........ /P.P.P...#
######## %...%P.P.# #
.P.P.P.P.# # .P.P..%%%#
# .......J.# #
....%.JJJ######### #
#######@# #......# #
##.....)## #......#
##### #.########
#......# #...#
##..'....# #......#
#...#
####....###......###...#
#.......##.......'.'..<'
#.......##.......###...#
#..)....##.......# #...#
#.......##.......# #...#


You could see a jelly and 3 endoplasms.

Vanquished Creatures
  A jelly (D:2)
  2 ball pythons
  4 bats
  5 endoplasms (D:2)
  2 goblins (D:1)
  A hobgoblin (D:1)
  A quokka (D:1)
  A frilled lizard (D:1)
  9 kobolds
  A rat (D:1)
27 creatures vanquished.

Notes
Turn   | Place    | Note
-------+----------+-------------------------------------------
     0 | D:1      | qw the Gargoyle Hexslinger began the quest for the Orb.
     0 | D:1      | Reached XP level 1. HP: 12/12 MP: 2/2
     0 | D:1      | 0 ||| qw: Version: 0.3-a-46-gb1f654a
     0 | D:1      | 0 ||| qw: Game counter: 1752
     0 | D:1      | 0 ||| qw: Melee chars always use a shield: true
     0 | D:1      | 0 ||| qw: God list: Okawaru
     0 | D:1      | 0 ||| qw: Allow faded altars: false
     0 | D:1      | 0 ||| qw: Do Orc after clearing Dungeon:15 true
     0 | D:1      | 0 ||| qw: Do second Lair branch before Depths: true
     0 | D:1      | 0 ||| qw: Lair rune preference: random
     0 | D:1      | 0 ||| qw: Goals: Normal
     0 | D:1      | 0 ||| PLANNING D:1-11
   202 | D:1      | Reached XP level 2. HP: 16/16 MP: 3/3
   270 | D:1      | Found a faded altar of an unknown god.
   451 | D:1      | 451 ||| READING scroll labelled GOITAO OBLU.
   456 | D:1      | 456 ||| DROPPING scroll of poison.
   702 | D:2      | Reached skill level 3 in Ranged Weapons
   743 | D:2      | 743 ||| Stepping ~*~*~tactically~*~*~ (outnumbered).
   746 | D:2      | 746 ||| Stepping ~*~*~tactically~*~*~ (outnumbered).
   783 | D:2      | Reached XP level 3. HP: 21/21 MP: 4/4
   826 | D:2      | Reached XP level 4. HP: 24/26 MP: 5/5
   830 | D:2      | HP: 5/26 [frozen (2)]
   831 | D:2      | 831 ||| READING 2 scrolls of teleportation.
   831 | D:2      | Frozen to death by an endoplasm

Levels and vault maps discovered:
D:1:      reono_arrival_mine, layout_rooms,
          hellmonk_ecumenical_altar_inner_sanctum
D:2:      cheibrodos_fertilizer, layout_basic

Skill      XL: |  1  2 |
---------------+-------+-----
Ranged Weapons | 3 |  3.9
Fighting       | 2 |  2.0
Dodging        | |  1.5
Spellcasting   | |  1.0
Hexes          | |  2.6

Action                     |  1- 3 |  4- 6 || total
---------------------------+-------+-------++-------
   Fire: Sling             |    71 |     5 ||    76
    Use: Scroll            |     1 |     1 ||     2
 Armour: Robe              |    26 |     2 ||    28
  Dodge: Dodged            |    18 |    11 ||    29

Table legend:
 A = Non-vault XP
 B = Vault XP
 C = Vault XP percentage of total XP
 D = Non-vault monster count
 E = Vault monster count
 F = Vault count percentage of total count
                 A         B        C        D         E       F
            +---------+---------+-------+---------+---------+-------
      Total |      21 |      65 |  75.6 |      13 |      14 |  51.9
            +---------+---------+-------+---------+---------+-------
        D:1 |      18 |       0 |   0.0 |      11 |       0 |   0.0
        D:2 |       3 |      65 |  95.6 |       2 |      14 |  87.5
            +---------+---------+-------+---------+---------+-------
